 Dungeon Crawl Stone Soup version 0.30-a0-358-g0d69a1922f (webtiles) character file.

Game seed: 11096100572884038984

137 Bnni the Shield-Bearer (level 5, -2/42 HPs)
             Began as a Formicid Fighter on Nov 8, 2022.
             Was an Initiate of Ru.
             Slain by an orc
             ... wielding a +0 dagger
              (3 damage)
             ... on level 3 of the Dungeon.
             The game lasted 00:02:40 (2111 turns).

Bnni the Shield-Bearer (Formicid Fighter)           Turns: 2111, Time: 00:02:40

Health: -2/42      AC:  6    Str: 23    XL:     5   Next: 44%
Magic:  5/5        EV:  9    Int:  7    God:    Ru [......]
Gold:   219        SH:  5    Dex: 13    Spells: 4/4 levels left

rFire   . . .      SeeInvis +    a - +0 war axe
rCold   . . .      Faith    .    c - +0 buckler
rNeg    . . .      Spirit   .    b - +0 scale mail
rPois   .          Reflect  .    (helmet unavailable)
rElec   .          Harm     .    (no cloak)
rCorr   .          Rampage  .    (no gloves)
Will    .....                    (no boots)
Stlth   ..........               (no amulet)
HPRegen 0.27/turn                (no ring)
MPRegen 0.09/turn                (no ring)

@: lethally poisoned (-2 -> -9)
A: permanent stasis, dig shafts and tunnels, antennae 3, four strong arms
a: Dig, Shaft Self, Renounce Religion


You were on level 3 of the Dungeon.
You worshipped Ru.
Ru was noncommittal.
You visited 1 branch of the dungeon, and saw 3 of its levels.

You collected 219 gold pieces.

Inventory:

Hand Weapons
 a - a +0 war axe (weapon)
 n - a +0 trident of protection
Armour
 b - a +0 scale mail (worn)
 c - a +0 buckler (worn)
Wands
 l - a wand of iceblast (8)
Scrolls
 f - 2 scrolls of amnesia {unknown}
 h - a scroll of blinking {unknown}
 i - a scroll of teleportation {unknown}
 j - 3 scrolls of noise {unknown}
 k - a scroll of brand weapon {unknown}
 m - 4 scrolls of identify {unknown}
Potions
 d - 2 potions of might
 e - a potion of lignification {unknown}
 g - a potion of haste


   Skills:
 + Level 4.3 Fighting
 * Level 4.0 Axes
 - Level 3.2 Armour
 - Level 5.0 Shields


You had 4 spell levels left.
You didn't know any spells.
Your spell library was empty.

Dungeon Overview and Level Annotations

Branches:
Dungeon (3/15)

Altars:
Ru

Shops:
D:1 *


Innate Abilities, Weirdness & Mutations

You cannot be hasted, slowed, berserked, paralysed or teleported.
You can dig through walls and to a lower floor.
You have a pair of large antennae on your head. (SInv)
Your four strong arms can wield two-handed weapons with a shield.


Message History

The orc is severely wounded.
You block the orc's attack.
You barely miss the orc.
The orc is severely wounded.
The orc closely misses you.
You closely miss the orc.
The orc is severely wounded.
The orc hits you with a +0 dagger. x2
You barely miss the orc.
The orc is severely wounded.
The orc hits you but does no damage.
You barely miss the orc.
The orc is severely wounded.
The orc hits you with a +0 dagger.
You barely miss the orc.
The orc is severely wounded.
The orc hits you but does no damage.
You slash the orc!
You kill the orc!
The orc hits you but does no damage.
You are poisoned.
You barely miss the orc.
You feel very sick. The orc hits you but does no damage.
You are more poisoned.
You slash the orc!
You kill the orc!
You feel very sick.
The orc priest calls down the wrath of Beogh upon you.
Pain shoots through your body!
* * * LOW HITPOINT WARNING * * *
You block the orc's attack.
Your Axes skill increases to level 4!
Unknown command.
It was a potion of haste.
Your stasis prevents you from being hasted.
* * * LOW HITPOINT WARNING * * *
You feel very sick. The orc hits you with a +0 dagger.
You die...

.# #!. ### ##.. ..# #.#
#..# #.# #.# ...# #.#
#.# # #..# #.# #.#
#.###.##.!# #.# #.#
#....oo@..# #.# #.#
#####.##.########.####.#
# #..............).
#...............##..
#############.######
#....... ########


You could see an orc priest and an orc.

Vanquished Creatures
  An iguana (D:2)
  An orc wizard (D:3)
  2 adders (D:2)
  A worm (D:2)
  5 orcs (D:3)
  8 endoplasms
  2 giant cockroaches
  3 hobgoblins
  6 kobolds
  A quokka (D:2)
  12 ball pythons
  2 bats (D:2)
  7 frilled lizards
  10 goblins
61 creatures vanquished.

Notes
Turn   | Place    | Note
-------+----------+-------------------------------------------
     0 | D:1      | Bnni the Formicid Fighter began the quest for the Orb.
     0 | D:1      | Reached XP level 1. HP: 18/18 MP: 1/1
    92 | D:1      | Found Kafre's General Store.
   130 | D:1      | Reached XP level 2. HP: 24/24 MP: 2/2
   277 | D:1      | Reached XP level 3. HP: 29/29 MP: 3/3
   898 | D:2      | Reached skill level 5 in Shields
   898 | D:2      | Reached XP level 4. HP: 20/37 MP: 4/4
  1250 | D:2      | Found a sacrificial altar of Ru.
  1282 | D:2      | Became a worshipper of Ru the Awakened
  1640 | D:2      | Reached XP level 5. HP: 39/42 MP: 5/5
  2111 | D:3      | HP: 1/42 [poisoned by an orc]
  2111 | D:3      | Slain by an orc

Illustrated notes

Levels and vault maps discovered:
D:1:      dpeg_arrival_chambers_temple_mockup, layout_basic, serial_shops, shop
D:2:      layout_basic, basic_altar
D:3:      layout_loops_ring, hellmonk_ecumenical_altar_defaced_shrine,
          grunt_ministairs_10

Skill      XL: |  1  2  3  4  5 |
---------------+----------------+-----
Axes           | 3 4 |  4.0
Shields        | 5 |  5.0
Fighting       | 4 |  4.3
Armour         | |  3.2

Action                   |  1- 3 |  4- 6 || total
-------------------------+-------+-------++-------
Melee: War axe           |   105 |    70 ||   175
  Use: Potion            |       |     1 ||     1
Armor: Scale mail        |    56 |    38 ||    94
Dodge: Dodged            |    48 |    31 ||    79
Block: Buckler           |    32 |    13 ||    45

Table legend: (Time is in decaauts)
 A = Elapsed time spent in this place.
 B = Non-inter-level travel time spent in this place.
 C = Inter-level travel time spent in this place.
 D = Time resting spent in this place.
 E = Time spent auto-exploring this place.
 F = Levels seen in this place.
 G = Mean time per level.
                   A        B        C        D        E       F      G
               +--------+--------+--------+--------+--------+-----+--------+
         Total |   2177 |   2118 |     59 |      0 |   1680 |   3 |  725.7 |
       Dungeon |   2177 |   2118 |     59 |      0 |   1680 |   3 |  725.7 |
               +--------+--------+--------+--------+--------+-----+--------+

Top non-repeatable levels by time:
     D:2: 1387 daAuts
     D:1: 673 daAuts
     D:3: 116 daAuts
